 Dungeon Crawl Stone Soup version 0.29.1-13-g9f3cf754e1 (webtiles) character file.

Game seed: 9494232974270788681

7480 nightchill the Grappler (level 10, -1/104 HPs)
             Began as a Troll Monk on Feb 5, 2023.
             Was a High Priest of Okawaru.
             Slain by an orc warrior
             ... wielding a +2 battleaxe of flaming
             ... led by an orc high priest
              (3 damage)
             ... on level 9 of the Dungeon.
             The game lasted 00:20:00 (8324 turns).

nightchill the Grappler (Troll Monk)                Turns: 8324, Time: 00:20:00

Health: -1/104     AC: 11    Str: 25    XL:     10   Next: 94%
Magic:  13/14      EV:  8    Int:  6    God:    Okawaru [*****.]
Gold:   496        SH:  0    Dex: 12    Spells: 9/9 levels left

rFire   . . .      SeeInvis .     - Unarmed
rCold   + + +      Faith    .   (no shield)
rNeg    . . .      Spirit   .   E - +0 ice dragon scales
rPois   .          Reflect  .   (helmet restricted)
rElec   .          Harm     .   I - scarf {rC+ rF+}
rCorr   .          Rampage  .   (gloves unavailable)
Will    .....                   (boots unavailable)
Stlth   ..........              C - amulet of the acrobat
HPRegen 1.07/turn               m - ring of flight
MPRegen 0.14/turn               (no ring)

@: flying
A: large, unfitting armour, claws 3, regeneration 1, shaggy fur 1, tough skin 1
a: Renounce Religion, Heroism, Finesse, Duel


You were on level 9 of the Dungeon.
You worshipped Okawaru.
Okawaru was extremely pleased with you.
You visited 3 branches of the dungeon, and saw 11 of its levels.

You collected 496 gold pieces.

Inventory:

Hand Weapons
 y - a +0 morningstar
Missiles
 j - 73 stones (quivered)
 r - 6 boomerangs
 H - 28 poisoned darts
 P - a curare-tipped dart
Armour
 o - a +0 robe of willpower
 E - +0 ice dragon scales (worn)
 I - a scarf of resistance (worn)
Jewellery
 k - a ring of fire
 m - a ring of flight (left claw)
 q - an amulet of regeneration
 C - an amulet of the acrobat (around neck)
Wands
 f - a wand of flame (13)
 s - a wand of digging (12)
 A - a wand of roots (18)
 F - a wand of mindburst (25)
 L - a wand of quicksilver (8)
 M - a wand of paralysis (3)
 Q - a wand of polymorph (5)
Scrolls
 d - a scroll of blinking {unknown}
 e - 5 scrolls of teleportation
 h - 4 scrolls of fear {unknown}
 i - 4 scrolls of enchant armour {unknown}
 l - a scroll of enchant weapon {unknown}
 p - a scroll of butterflies {unknown}
 t - 3 scrolls of vulnerability {unknown}
 u - 3 scrolls of brand weapon {unknown}
 w - a scroll of poison {unknown}
 K - a scroll of silence {unknown}
 O - a scroll of summoning {unknown}
 R - a scroll of amnesia {unknown}
Potions
 b - 4 potions of ambrosia
 c - 3 potions of resistance
 g - 3 potions of mutation
 n - 2 potions of lignification
 v - 2 potions of invisibility
 x - 3 potions of haste
 z - a potion of might
 G - a potion of brilliance
 J - a potion of heal wounds
 S - a potion of attraction
 T - a potion of curing
Miscellaneous
 U - a lightning rod (4/4)


   Skills:
 + Level 7.8 Fighting
 - Level 2.4 Dodging
 - Level 1.0 Stealth
 * Level 12.7 Unarmed Combat
 + Level 6.6 Invocations


You had 9 spell levels left.
You didn't know any spells.
Your spell library contained the following spells:

 Spells                   Type           Power      Damage    Failure   Level
 Apportation              Tloc           0%         N/A       83%         1
 Foxfire                  Conj/Fire      0%         2x1d4     83%         1
 Sandblast                Erth           0%         2d4       83%         1
 Ensorcelled Hibernation  Hex/Ice        0%         N/A       92%         2
 Passwall                 Tmut/Erth      0%         N/A       92%         2
 Poisonous Vapours        Pois/Air       0%         N/A       92%         2
 Conjure Flame            Conj/Fire      0%         6-21      99%         3
 Ignite Poison            Fire/Tmut/Pois 0%         N/A       99%         3
 Inner Flame              Hex/Fire       0%         N/A       99%         3
 Mephitic Cloud           Conj/Pois/Air  0%         N/A       99%         3
 Stone Arrow              Conj/Erth      0%         3d7       99%         3
 Swiftness                Air            0%         N/A       99%         3
 Corpse Rot               Necr/Pois/Air  0%         N/A       100%        4
 Flame Wave               Conj/Fire      0%         2d4       100%        4
 Alistair's Intoxication  Tmut/Pois      0%         N/A       100%        5
 Freezing Cloud           Conj/Ice/Air   0%         6-21      100%        5
 Dispersal                Tloc           0%         N/A       100%        6
 Disjunction              Tloc           0%         N/A       100%        8
 Polar Vortex             Ice            0%         N/A       100%        9
 Simulacrum               Ice/Necr       Unusable   N/A       N/A         6

Dungeon Overview and Level Annotations

Branches:
Dungeon (9/15)             Temple (1/1) D:4            Lair (0/5) D:9
    Orc (1/2) D:9

Altars:
Ashenzari
Cheibriados
Dithmenos
Elyvilon
Fedhas
Gozag
Kikubaaqudgha
Makhleb
Nemelex Xobeh
Okawaru
Qazlal
Ru
Sif Muna
Trog
Uskayaw
Vehumet
Wu Jian
Zin
The Shining One

Shops:
D:5 =   D:6 [(:(*   D:9 [

Annotations:
D:9 1 exclusion
Orc:1 Maurice


Innate Abilities, Weirdness & Mutations

You are too large for most types of armour.
You have claws for hands.
Your natural rate of healing is unusually fast.
You are covered in fur. (AC +1)
You have tough skin. (AC +1)


Message History

* * * LOW HITPOINT WARNING * * *
You claw the orc warrior! x2
The orc warrior is almost dead.
You closely miss the orc warrior.
The orc warrior is almost dead.
The orc warrior hits you with a +0 hand axe.
* * * LOW HITPOINT WARNING * * *
You scratch the orc warrior but do no damage.
The orc warrior is almost dead.
The orc warrior hits you with a +0 hand axe.
* * * LOW HITPOINT WARNING * * *
You scratch the orc warrior.
The orc warrior is almost dead.
The orc warrior hits you with a +0 hand axe!
* * * LOW HITPOINT WARNING * * *
You feel much better.
The orc warrior hits you but does no damage.
You scratch the orc warrior.
You kill the orc warrior!
Okawaru accepts your kill. The orc warrior misses you.
Items here: ))))) [[[[ ††.
You scratch the orc warrior.
The orc warrior is lightly wounded.
The orc warrior hits you with a +2 battleaxe of flaming!
* * * LOW HITPOINT WARNING * * *
The orc warrior burns you.
* * * LOW HITPOINT WARNING * * *
You claw the orc warrior!
The orc warrior is heavily wounded.
The orc warrior hits you with a +2 battleaxe of flaming!!
* * * LOW HITPOINT WARNING * * *
The orc warrior burns you.
* * * LOW HITPOINT WARNING * * *
You barely miss the orc warrior.
The orc warrior is heavily wounded.
The orc warrior hits you with a +2 battleaxe of flaming!
* * * LOW HITPOINT WARNING * * *
The orc warrior burns you.
You die...

#.#.#.#.# #.#
#.#<#.#.######.#
#.#.#.#........#
#.....##########
.##........#
..#..#####.#
#....#...#.#
##.....#.#.#########
.#..##.#>#.#..)>@o.#
.#..##.###.#.#####.#
.#....)....#># #.#
.#...#...).#.#####.#
.#...#####.........#
##...#####.#.#######
#........#.#..#
..#....#.#....#
.....#.#.#.#..#


You could see an orc warrior.

Vanquished Creatures
  A two-headed ogre (D:8)
  Pikel (D:4)
  An orc knight (D:9)
  Joseph (D:8)
  A gargoyle (D:9)
  A troll (D:9)
  A hornet (D:8)
  Sigmund (D:4)
  A shadow (D:9)
  2 wyverns (D:9)
  3 yaks (D:9)
  A steam dragon (D:8)
  Menkaure (D:5)
  A water moccasin (D:8)
  Duvessa (D:4)
  3 black bears
  2 sky beasts
  2 ice beasts
  6 orc warriors
  2 ogres
  The ghost of Frank the Ducker, an amateur OpFi (D:3)
  3 centaurs
  2 lemures (D:3)
  2 kobold brigands
  Blork the orc (D:5)
  2 bullfrogs
  3 scorpions
  5 wights (D:8)
  Dowan (D:4)
  6 killer bees (D:7)
  A howler monkey (D:5)
  An electric eel (D:7)
  2 hounds
  An orc priest (D:5)
  A gnoll bouda (D:6)
  3 jellies
  Jessica (D:3)
  Natasha (thrice) (D:3)
  8 orc wizards
  5 gnolls
  9 adders
  A shadow imp (D:6)
  An ufetubus (D:7)
  A worm (D:6)
  3 dart slugs
  31 orcs
  10 ball pythons
  4 bats
  5 endoplasms
  4 giant cockroaches
  10 goblins
  6 hobgoblins
  3 jackals (D:2)
  5 quokkas
  A frilled lizard (D:1)
  17 kobolds
  6 rats
202 creatures vanquished.

Vanquished Creatures (others)
  4 fungi (D:7)
4 creatures vanquished.

Grand Total: 206 creatures vanquished

Notes
Turn   | Place    | Note
-------+----------+-------------------------------------------
     0 | D:1      | nightchill the Troll Monk began the quest for the Orb.
     0 | D:1      | Reached XP level 1. HP: 22/22 MP: 0/0
   152 | D:1      | Reached XP level 2. HP: 29/29 MP: 1/1
   799 | D:2      | Reached XP level 3. HP: 36/36 MP: 2/2
   815 | D:2      | Reached skill level 4 in Unarmed Combat
   903 | D:2      | Found a faded altar of an unknown god.
  1253 | D:2      | Reached XP level 4. HP: 45/45 MP: 3/3
  1884 | D:3      | Noticed Jessica
  1892 | D:3      | Killed Jessica
  1893 | D:3      | Reached skill level 5 in Unarmed Combat
  1985 | D:3      | Reached XP level 5. HP: 53/53 MP: 4/4
  2075 | D:3      | Noticed Natasha
  2185 | D:3      | Killed Natasha
  2438 | D:3      | Noticed Natasha
  2451 | D:3      | Killed Natasha
  2537 | D:3      | Found a runed translucent door.
  2537 | D:3      | Noticed Frank's ghost (amateur OpFi)
  2602 | D:3      | Killed Frank's ghost
  2603 | D:3      | Reached XP level 6. HP: 49/62 MP: 5/5
  2646 | D:3      | Noticed Natasha
  2656 | D:3      | Killed Natasha
  2683 | D:4      | Noticed Pikel
  2736 | D:4      | Killed Pikel
  2737 | D:4      | Reached skill level 7 in Unarmed Combat
  2737 | D:4      | Reached XP level 7. HP: 63/71 MP: 6/6
  2803 | D:4      | Found a staircase to the Ecumenical Temple.
  2819 | Temple   | Entered the Ecumenical Temple
  2907 | Temple   | Became a worshipper of Warmaster Okawaru
  2907 | Temple   | Reached * piety under Okawaru
  2907 | Temple   | Reached ** piety under Okawaru
  2964 | D:4      | Identified the +8 trident of Heriwoe {elec, rElec rF- rCorr
                  | Int-5}
  2981 | D:4      | Identified the +4 quarterstaff "Wiaklof" {drain, Int+2}
  3145 | D:4      | Noticed Sigmund
  3154 | D:4      | Killed Sigmund
  3155 | D:4      | Reached skill level 1 in Invocations
  3329 | D:4      | Noticed Duvessa
  3336 | D:4      | Noticed Dowan
  3345 | D:4      | Killed Duvessa
  3346 | D:4      | Reached skill level 8 in Unarmed Combat
  3346 | D:4      | Reached XP level 8. HP: 74/79 MP: 6/8
  3348 | D:4      | Killed Dowan
  3349 | D:4      | Reached skill level 5 in Fighting
  3429 | D:4      | You are sucked into a shaft and drop 1 floor!
  3429 | D:5      | Entered Level 5 of the Dungeon
  4176 | D:5      | Noticed Blork the orc
  4193 | D:5      | Killed Blork the orc
  4236 | D:5      | Noticed Menkaure
  4253 | D:5      | Killed Menkaure
  4253 | D:5      | Reached *** piety under Okawaru
  4582 | D:5      | Found Cussorygg's Jewellery Shoppe.
  4675 | D:5      | Reached skill level 9 in Unarmed Combat
  5011 | D:6      | Found Jonuttil's General Store.
  5133 | D:6      | Found a bloodstained altar of Trog.
  5259 | D:6      | Reached XP level 9. HP: 46/89 MP: 10/10
  5302 | D:6      | Found Fainuine's Antique Armour Emporium.
  5328 | D:6      | Found Dadodae's Weapon Emporium.
  5362 | D:6      | Found Meyhoem's Book Emporium.
  5479 | D:6      | Found Meocuron's Antique Weapon Boutique.
  5926 | D:7      | Reached skill level 10 in Unarmed Combat
  6107 | D:7      | Reached **** piety under Okawaru
  6642 | D:8      | Paralysed by a hornet for 3 turns
  6647 | D:8      | Reached skill level 5 in Invocations
  6757 | D:8      | Reached skill level 11 in Unarmed Combat
  6868 | D:8      | Noticed Joseph
  6907 | D:8      | Killed Joseph
  6908 | D:8      | Reached XP level 10. HP: 66/100 MP: 10/13
  6999 | D:8      | Noticed a two-headed ogre
  7006 | D:8      | Killed a two-headed ogre
  7150 | D:8      | Reached ***** piety under Okawaru
  7218 | D:8      | Found a stormy altar of Qazlal.
  7497 | D:9      | Found Untunt's Armour Shoppe.
  7749 | D:9      | Identified the +1 hat "Fisug" {Str-5 Dex+10} (Okawaru
                  | gifted it to you on level 9 of the Dungeon)
  7749 | D:9      | Received a gift from Okawaru
  7750 | D:9      | Reached skill level 12 in Unarmed Combat
  7839 | D:9      | Found a glowing silver altar of Zin.
  7840 | D:9      | Found an iron altar of Okawaru.
  7840 | D:9      | Found an opulent altar of Gozag.
  7840 | D:9      | Found a shadowy altar of Dithmenos.
  7895 | D:9      | Noticed a gargoyle
  7903 | D:9      | Killed a gargoyle
  7942 | D:9      | Identified the +5 lajatang of Gozag's Brutal Revenge {vamp,
                  | rPois rC+ Dex+4}
  7942 | D:9      | Noticed a tengu warrior
  8035 | D:9      | Found a staircase to the Lair.
  8117 | D:9      | Found a staircase to the Orcish Mines.
  8258 | Orc:1    | Entered Level 1 of the Orcish Mines
  8260 | Orc:1    | Noticed an orc knight
  8267 | Orc:1    | Noticed Maurice
  8289 | D:9      | Killed an orc knight
  8301 | Orc:1    | Noticed an orc high priest
  8324 | D:9      | HP: 2/104 [orc warrior/+2 battleaxe of flaming[an orc high
                  | priest] (12)]
  8324 | D:9      | Slain by an orc warrior

Illustrated notes

Levels and vault maps discovered:
D:1:      enne_arrival_octagon_isle, layout_loops_ring, dk_noncrumbling_2
D:2:      layout_loops_corners, dreamdust_ecumenical_altar_grove,
          chequers_serial_rivers_small_a, minmay_shallow_snake_nest
D:3:      layout_basic, gammafunk_ghost_grave, uniq_jessica, uniq_natasha
D:4:      layout_basic, minmay_temple_entry_statues_fountains, uniq_duvessa,
          uniq_pikel, uniq_sigmund
D:5:      layout_cave_pods, serial_shops,
          nicolae_shop_temple_entry_statues_fountains, corexii_hall_statues_x,
          uniq_blork_the_orc, uniq_menkaure
D:6:      layout_basic, general_overflow_altar, cheibrodos_sewer_entry_bend,
          serial_shops, shop, nicolae_square_shop, kennysheep_mini_moat,
          nicolae_shop_behind_doors, nicolae_lakefront_shop,
          kennysheep_opposing_triangles
D:7:      layout_rooms, water_boxes_lemuel
D:8:      layout_basic, lemuel_crystal_altar, uniq_joseph
D:9:      minmay_the_grid_octo_tiled_octocenter [minmay_the_grid_octo_clover,
          minmay_the_grid_octo_shrine, minmay_the_grid_octo_tetromino_candy,
          minmay_the_grid_octo_teeth, minmay_the_grid_octo_prize_single_spiral,
          minmay_the_grid_square_5x5_bite, minmay_the_grid_square_5x5_shrine1,
          minmay_the_grid_square_5x5_broken_cross,
          minmay_the_grid_square_5x5_three_small], layout_basic,
          lair_entry_dummy, serial_shops, nicolae_shop_statue_plus
Temple:   regret_index_temple_mists
Orc:1:    layout_caves, basic_altar, lightli_orcish_oven, uniq_maurice

Skill      XL: |  1  2  3  4  5  6  7  8  9 10 |
---------------+-------------------------------+-----
Unarmed Combat | 4 5 7 8 9 11 12 | 12.7
Fighting       | 3 4 5 6 7 |  7.8
Invocations    | 1 3 5 6 |  6.6
Dodging        | |  2.4
Stealth        | |  1.0

Action                   |  1- 3 |  4- 6 |  7- 9 | 10-12 || total
-------------------------+-------+-------+-------+-------++-------
Melee: Unarmed           |    66 |    99 |   312 |    89 ||   566
       Punch             |       |     3 |    19 |     5 ||    27
Throw: Stone             |     1 |       |       |       ||     1
Invok: Heroism           |       |       |     9 |     5 ||    14
Evoke: Wand              |       |       |     1 |       ||     1
  Use: Scroll            |       |     4 |     3 |     4 ||    11
       Potion            |       |     1 |     1 |     2 ||     4
 Stab: Sleeping          |     1 |     1 |     1 |       ||     3
Armor: Robe              |    12 |    21 |    12 |       ||    45
       Ice dragon scales |       |       |   117 |    35 ||   152
Dodge: Dodged            |    26 |    47 |   149 |    60 ||   282
